Cogmind - Beta 16 @@@ ROGUE MODE // 2025.11.10 @ 21:54:32 Player: jes Result: Destroyed by P-70 Sage with Tesla Rifle Performance ------------- Evolutions (6) 3000 Regions Visited (10) 2000 Robots Destroyed (164) 820 Value Destroyed (7836) 7836 Prototype IDs (8) 160 Alien Tech Used (0) 0 Bonus (3142) 3142 TOTAL SCORE: 16958 Bonus ------- High Alert Combat Kills 1158 Follower Combat Kills 170 Entered Garrisons 600 Used RIF Installer 1500 Friendly Fire -286 Cogmind --------- Core Integrity 0/1150 Matter 130/300 Energy 38/150 System Corruption 4% Temperature Cool (0) Movement Core (100) Ox1 Location -4/Garrison Parts ------- > --- POWER (2) -------- Micro Fission Core > --- PROPULSION (6) --- (None) > --- UTILITY (7) ------ (None) > --- WEAPON (4) ------- (None) > --- INVENTORY (5) ---- Improved Gravmag System Improved Cooling System Improved Terrain Scanner Phase Gun Railgun Peak State ------------ > --- POWER ------------ Light Fission Core Neutrino Core > --- PROPULSION ------- Improved Treads Improved Treads Improved Medium Treads Improved Medium Treads > --- UTILITY ---------- Advanced Heat Sink Medium Storage Unit Improved Targeting Computer Advanced Targeting Computer Advanced Reaction Control System Improved Core Shielding Graphene Brace > --- WEAPON ----------- Heavy Laser Coil Gun KE Penetrator Hypervelocity Mass Driver > --- INVENTORY -------- Light Angular Momentum Engine Improved Cooling System Matter Compressor Improved Terrain Scanner Improved Melee Analysis Suite Relay Coupler [Sentry] Relay Coupler [Hunter] Gamma Rifle KE Penetrator Improved Remote Datajack [Rating: 82] Favorites ----------- Power Micro Fission Core Engine Light Angular Momentum Engine Power Core Micro Fission Core Reactor Light Antimatter Reactor Propulsion Improved Carbon-fiber Leg Treads Light Treads Leg Improved Carbon-fiber Leg Wheel Compact Wheel Hover Unit Improved Linear Gravjet Flight Unit Impulse Thruster Utility Medium Storage Unit Device Advanced Heat Sink Storage Medium Storage Unit Processor Advanced Targeting Computer Hackware Relay Coupler [Grunt] Protection Improved Core Shielding Weapon Gauss Rifle Energy Gun Heavy Laser Energy Cannon Heavy Plasma Cannon Ballistic Gun Gauss Rifle Ballistic Cannon Gauss Cannon Launcher Micro-nuke Launcher Special Weapon Plasma Cutter Slashing Weapon Scythe Special Melee Weapon Improved Datajack Build | -11 -10 -9 -8 -7 -7 -6 -5 -5 -4 -4 ------- Run | Yrd Mat Mat Mat Fac Gar Fac Fac Gar Fac Gar Slots Evolved 12 | . . 2 2 2 . 2 2 . 2 . Power 1 | . . . . 1 . . . . . . Propulsion 4 | . . 2 . . . . 1 . 1 . Utility 5 | . . . 2 . . 1 1 . 1 . Weapon 2 | . . . . 1 . 1 . . . . Parts Attached 207 | 6 14 9 45 4 13 30 3 49 26 8 Power 36 | 1 3 3 3 1 6 6 1 7 3 2 Engine 18 | 1 2 3 1 1 3 4 1 2 . . Core 16 | . 1 . 2 . 3 2 . 5 2 1 Reactor 2 | . . . . . . . . . 1 1 Propulsion 60 | 2 2 2 18 . 2 9 1 14 9 1 Treads 12 | . . 2 2 . . . . 7 1 . Leg 39 | 2 2 . 11 . 2 9 1 7 4 1 Wheel 2 | . . . 2 . . . . . . . Hover 3 | . . . 1 . . . . . 2 . Flight 4 | . . . 2 . . . . . 2 . Utility 53 | 1 4 1 13 2 2 5 1 17 6 1 Device 26 | . 2 . 5 1 1 4 . 9 3 1 Storage 6 | 1 2 . 1 . . 1 1 . . . Processor 15 | . . 1 5 1 1 . . 4 3 . Hackware 2 | . . . . . . . . 2 . . Protection 4 | . . . 2 . . . . 2 . . Artifact . | . . . . . . . . . . . Weapon 58 | 2 5 3 11 1 3 10 . 11 8 4 Energy Gun 11 | 1 1 . 1 . . . . 5 . 3 Energy Cannon 1 | . . . . . . . . 1 . . Ballistic Gun 24 | 1 3 3 1 . 2 6 . 4 4 . Ballistic Cannon 14 | . 1 . 5 . 1 3 . . 4 . Launcher 2 | . . . 1 . . . . . . 1 Special Weapon 2 | . . . 1 . . . . 1 . . Impact Weapon . | . . . . . . . . . . . Slashing Weapon 3 | . . . 1 1 . 1 . . . . Piercing Weapon . | . . . . . . . . . . . Special Melee Weapon 1 | . . . 1 . . . . . . . Unidentified Prototypes . | . . . . . . . . . . . Parts Lost 74 | . . 1 7 . . 7 . 23 27 9 Power 8 | . . . . . . 1 . 3 3 1 Propulsion 26 | . . 1 4 . . 1 . 7 10 3 Utility 17 | . . . 3 . . 2 . 5 5 2 Weapon 23 | . . . . . . 3 . 8 9 3 Highest Loss Streak 9 | . . 1 5 . . 3 . 6 9 5 To Critical Strikes 1 | . . . . . . 1 . . . . Average Backups 8 | 1 7 5 9 9 9 9 8 9 7 4 Power . | . 1 1 1 . 1 . 1 . . . Propulsion . | . . . . . 1 1 2 1 . 1 Utility 4 | . 2 1 3 3 3 4 4 6 3 2 Weapon 2 | . 3 2 4 3 3 2 . . 2 1 Tool/Special . | . . . . . . . . . . . Unused Backups 35 | . 4 5 6 1 7 3 . 3 5 1 Power 7 | . 1 1 1 . 2 1 . . 1 . Propulsion 4 | . . . . . 3 . . . 1 . Utility 11 | . 1 1 . . 2 1 . 3 3 . Weapon 12 | . 2 2 5 1 . 1 . . . 1 Tool/Special 1 | . . 1 . . . . . . . . Average Slot Usage (%) 93 | . 98 79 98 99 100 99 98 93 70 16 Engine 5 | . 13 11 5 7 6 5 11 3 1 . Core 5 | . . . 3 7 8 7 . 6 4 . Treads 6 | . . 5 16 . . . . 12 11 . Leg 20 | . 28 19 15 30 30 26 29 14 2 2 Device 11 | . 11 11 10 14 14 12 13 10 10 2 Storage 6 | . 15 1 9 7 7 6 7 5 5 . Processor 9 | . . 9 11 7 7 13 11 11 7 1 Protection 1 | . . . 4 . . . . 3 3 . Energy Gun 2 | . 9 . 2 . . . . 6 3 5 Ballistic Gun 8 | . 14 17 7 . 5 12 5 7 8 . Ballistic Cannon 6 | . 4 4 7 15 8 6 11 . 4 . Slashing Weapon 3 | . . . . 6 6 5 5 2 . . Peak Build Rating 82 | 6 10 11 37 45 50 67 72 78 82 29 Average Rating 45 | 4 7 9 24 43 47 62 70 68 64 17 On Entrance 35 | . 6 8 11 37 45 50 64 71 73 20 Avg Prop Armor Cover (%) 6 | . . 6 7 . . . . . 2 13 Naked Turns 29 | . . . . . . . . . 16 13 Heaviest Build 68 | 11 21 20 31 38 39 53 57 68 65 15 Greatest Support 129 | 20 20 40 81 81 81 74 86 129 129 20 Greatest Overweight (x) 4 | 3 1 4 1 . . . . 1 2 1 Average Overweight (x) . | . . . . . . . . . . . Largest Inventory Capacity 10 | 8 10 10 10 10 10 10 10 10 10 5 Average Capacity 9 | 7 8 5 10 10 10 10 10 10 9 5 Most Carried 10 | 2 10 9 10 10 10 10 9 10 10 5 Average Carried 8 | 1 7 5 9 9 9 9 8 9 7 4 Final Capacity 10 | 8 10 5 10 10 10 10 10 10 5 5 Final Carried 10 | 2 7 5 10 10 10 10 8 10 5 5 Class Distribution -------------------- 38% | Scavenger-Gunner 34% | Mutant 27% | Scavenger-Mutant Dominant Class ---------------- Mutant | -10/Materials Mutant | -9/Materials Mutant | -8/Materials Mutant | -7/Factory Scavenger-Mutant | -7/Garrison Scavenger-Gunner | -6/Factory Scavenger-Gunner | -5/Factory Scavenger-Gunner | -5/Garrison Scavenger-Gunner | -4/Factory Scavenger-Mutant | -4/Garrison Resources | -11 -10 -9 -8 -7 -7 -6 -5 -5 -4 -4 ----------- Run | Yrd Mat Mat Mat Fac Gar Fac Fac Gar Fac Gar Matter Collected 7492 | 260 250 379 1317 181 1040 1468 . 1366 1065 166 Remotely 1937 | . . . 480 . . 995 . 462 . . Salvage Created 7072 | . 260 242 1273 168 646 1671 . 1590 959 263 Parts 352 | . 19 24 64 14 35 91 . 61 35 9 Haulers Intercepted . | . . . . . . . . . . . Recyclers Shooed 8 | . 1 . 3 1 . 2 . . 1 . Parts Field Recycled . | . . . . . . . . . . . Retrieved Matter . | . . . . . . . . . . . Parts Self-Destructed . | . . . . . . . . . . . Prevented . | . . . . . . . . . . . Parts Restored . | . . . . . . . . . . . Kills | -11 -10 -9 -8 -7 -7 -6 -5 -5 -4 -4 ------- Run | Yrd Mat Mat Mat Fac Gar Fac Fac Gar Fac Gar Combat Hostiles Destroyed 130 | . 9 7 21 2 16 31 . 25 14 5 Melee 4 | . . . . . 1 . . 3 . . Guns 68 | . 9 5 12 . 2 16 . 16 6 2 Cannons 51 | . . 1 7 2 13 15 . 6 7 . AOE 4 | . . . 1 . . . . . . 3 Classes Destroyed 15 | . 3 2 2 1 2 4 . 1 . . Worker 3 | . . . . . . 3 . . . . Builder 5 | . . 1 2 2 . . . . . . Recycler 9 | . . . 6 1 . 2 . . . . Mechanic 1 | . . . . . . 1 . . . . Operator 2 | . . . . . . 2 . . . . Watcher 13 | . 3 4 4 . . 2 . . . . Swarmer 32 | . 6 6 6 . 3 8 . 3 . . Grunt 52 | . 3 . 5 1 8 9 . 15 7 4 Duelist 2 | . . . . . 1 1 . . . . Sentry 15 | . . 1 6 . 1 4 . 2 1 . Specialist 1 | . . . . . 1 . . . . . Hunter 13 | . . . 4 . 1 2 . 1 5 . Programmer 13 | . . . . 1 1 6 . 3 1 1 Heavy 1 | . . . . . . 1 . . . . Behemoth 1 | . . . . . . . . 1 . . Infiltrator 1 | . . . . . 1 . . . . . Best Kill Streak 8 | . 5 5 5 3 8 8 . 6 5 2 Combat Bots Only 8 | . 5 3 5 1 8 6 . 6 5 2 Max Kills in Single Turn 2 | . 1 1 1 1 1 2 . 2 1 1 Gunslinging . | . . . . . . . . . . . Exploded 1 | . . . 1 . . . . . . 1 Melee 1 | . . . . . 1 . . 1 . . Uniques/NPCs Destroyed . | . . . . . . . . . . . Combat | -11 -10 -9 -8 -7 -7 -6 -5 -5 -4 -4 -------- Run | Yrd Mat Mat Mat Fac Gar Fac Fac Gar Fac Gar Hostile Shots Fired 1197 | . 65 23 159 12 62 228 . 245 316 87 Missed 362 | . 16 6 41 5 16 85 . 67 93 33 Hits 835 | . 49 17 118 7 46 143 . 178 223 54 Melee 3 | . . . . . . 1 . . 2 . Projectile 832 | . 49 17 118 7 46 142 . 178 221 54 Critical Strikes 31 | . 2 . 1 . 2 5 . 10 8 3 Actively Blocked 8 | . . . . . . . . . 8 . Part Disruptions 1 | . . . . . . 1 . . . . Damage Taken 13644 | . 474 171 1412 80 676 2043 . 4070 3448 1270 Core 2426 | . 148 27 108 . 97 312 . 574 516 644 Absorbed by Shields 74 | . . . 46 28 . . . . . . Redirected to Shielding 99 | . . . . . . . . 46 53 . Regen/Repaired (Parts) 9 | . . . . 9 . . . . . . Core Remaining (%) 72 | 100 40 93 80 . 86 63 . 42 . . Volleys Fired 459 | . 34 28 107 7 32 73 . 96 60 22 Largest 4 | . 2 2 2 2 2 3 . 4 4 2 Hottest 221 | . 70 53 84 80 80 108 . 221 217 132 Shots Fired 1115 | . 68 56 208 14 64 216 . 248 218 23 Gun 784 | . 58 48 153 . 24 133 . 206 142 20 Cannon 314 | . 10 8 50 14 40 83 . 33 76 . Launcher 4 | . . . 1 . . . . . . 3 Special 13 | . . . 4 . . . . 9 . . Kinetic 862 | . 44 56 150 14 64 216 . 137 181 . Thermal 199 | . 20 . 57 . . . . 69 33 20 Explosive 4 | . . . 1 . . . . . . 3 Electromagnetic 41 | . 4 . . . . . . 33 4 . Robot Hit Streak 30 | . 8 8 16 4 18 17 . 30 14 6 Robot Miss Streak 6 | . 3 6 4 5 4 5 . 4 4 3 Penetration Max 1 | . . . . . . 1 . 1 1 . Secondary Targets 6 | . 4 . 1 . . . . 1 . . Max Gunslinging Chain 1 | . 1 . 1 . . . . 1 . . Shots Hit Robots 684 | . 39 27 127 9 53 144 . 159 112 14 Core Hits 326 | . 19 12 47 4 25 99 . 60 41 19 Critical Kills 10 | . . . . . 1 . . 2 7 . Critical Parts Destroyed 23 | . . . 1 . 1 . . 2 19 . Critical Strikes 59 | . 1 1 3 1 7 6 . 8 31 1 Burn 7 | . 1 . 2 . . . . . 3 1 Destroy 36 | . . . 1 . 2 . . 5 28 . Blast 12 | . . 1 . 1 4 6 . . . . Sever 4 | . . . . . 1 . . 3 . . Melee Attacks 268 | . . . 3 4 156 20 . 85 . . Impact . | . . . . . . . . . . . Slashing 264 | . . . . 4 156 19 . 85 . . Piercing . | . . . . . . . . . . . Sneak Attacks 12 | . . . . 3 3 6 . . . . Combat Hostiles . | . . . . . . . . . . . Follow-up Attacks . | . . . . . . . . . . . Damage Inflicted 17376 | . 448 419 2304 390 1456 4061 . 4797 2734 767 Guns 8934 | . 343 330 1576 . 304 1775 . 2405 1888 313 Cannons 4955 | . 105 89 691 166 874 1441 . 881 708 . Explosions 693 | . . . 34 . . 98 . . 138 423 Melee 2721 | . . . . 224 278 747 . 1472 . . Ramming 73 | . . . 3 . . . . 39 . 31 Kinetic 11242 | . 303 419 1627 166 1178 3216 . 2272 2061 . Thermal 2248 | . 114 . 640 . . . . 757 424 313 Explosive 595 | . . . 34 . . . . . 138 423 Electromagnetic 497 | . 31 . . . . 98 . 257 111 . Impact . | . . . . . . . . . . . Slashing 2721 | . . . . 224 278 747 . 1472 . . Piercing . | . . . . . . . . . . . Highest Corruption 4 | . 2 . . . . 2 . 1 1 4 Average Corruption 1 | . 2 . . . . 1 . 1 1 1 Corruption Purged . | . . . . . . . . . . . Corruption Blocked . | . . . . . . . . . . . Effects 36 | . . . . . . 17 . 15 3 1 Message Errors 13 | . . . . . . 7 . 4 1 1 Matter Fused 9 | . . . . . . 5 . 4 . . Heat Flow Errors 5 | . . . . . . 2 . 3 . . Energy Discharges 1 | . . . . . . 1 . . . . Parts Fused 1 | . . . . . . . . 1 . . Data Loss (minor) 4 | . . . . . . 2 . 2 . . Data Loss (major) 1 | . . . . . . . . . 1 . Weapon Failures 2 | . . . . . . . . 1 1 . Overload Shots . | . . . . . . . . . . . Overflow Damage 324 | . . . 4 88 7 193 . . 6 26 Projectiles 45 | . . . 4 30 5 . . . 6 . Explosions 26 | . . . . . . . . . . 26 Melee 253 | . . . . 58 2 193 . . . . Knockbacks 49 | . 1 . 6 1 5 10 . 9 17 . Impact . | . . . . . . . . . . . Kinetic 43 | . 1 . 6 1 5 10 . 6 14 . Secondary 6 | . . . . . . . . 3 3 . Self-Inflicted Damage 183 | . . . . . . . . 39 . 144 Shots 2 | . . . . . . . . . . 2 Rammed 6 | . . . . . . . . . . 6 Targets Rammed 7 | . . . 1 . . . . . . 6 Kicked . | . . . . . . . . . . . Crushed 1 | . . . 1 . . . . . . . Highest Temperature 570 | . 296 12 231 90 96 188 . 570 493 199 Average Temperature 75 | . 94 5 41 42 32 90 . 77 131 116 Received Heat Transfer 2960 | . 165 27 255 . 207 384 . 1342 309 271 Effects 10 | . 1 . . . . . . 5 4 . Shutdowns 1 | . . . . . . . . . 1 . Energy Bleed 3 | . 1 . . . . . . 1 1 . Interference 1 | . . . . . . . . . 1 . Matter Decay 1 | . . . . . . . . . 1 . Damage (major) 3 | . . . . . . . . 3 . . Damage (core) 1 | . . . . . . . . 1 . . Siege Activations . | . . . . . . . . . . . Martial Activations . | . . . . . . . . . . . Shielding Activations . | . . . . . . . . . . . Robots Disrupted . | . . . . . . . . . . . Combat Hostiles . | . . . . . . . . . . . Robots Corrupted 1 | . . 1 . . . . . . . . Combat Hostiles 1 | . . 1 . . . . . . . . Parts Fried 1 | . . 1 . . . . . . . . Impact Corruptions 1 | . . 1 . . . . . . . . Robots Melted 2 | . . . 1 . . . . . 1 . Combat Hostiles 2 | . . . 1 . . . . . 1 . Parts Melted 9 | . . . 3 . . . . 2 2 2 Heat Transferred 4676 | . 407 . 1332 . . . . 1309 1036 592 Parts Sabotaged . | . . . . . . . . . . . Parts Stolen . | . . . . . . . . . . . Parts Stripped . | . . . . . . . . . . . Power Chain Reactions 1 | . . . . . . 1 . . . . Alert | -11 -10 -9 -8 -7 -7 -6 -5 -5 -4 -4 ------- Run | Yrd Mat Mat Mat Fac Gar Fac Fac Gar Fac Gar Maximum Alert Level 4 | . . . 1 . 3 3 2 4 3 2 Low Security (%) 46 | 100 100 100 77 100 30 41 . . . . Level 1 14 | . . . 22 . 15 30 . 6 . . Level 2 24 | . . . . . 42 17 100 45 75 100 Level 3 10 | . . . . . 11 11 . 26 24 . Level 4 3 | . . . . . . . . 21 . . Level 5 . | . . . . . . . . . . . High Security . | . . . . . . . . . . . Max Security . | . . . . . . . . . . . Peak Influence 1420 | . 112 113 240 94 827 903 441 1420 775 602 Initial 745 | . . 14 4 94 2 434 441 301 745 450 Average 343 | . 39 38 105 16 393 342 439 763 653 560 Influence Increases 5684 | . 280 271 746 86 845 1247 . 1409 578 222 Destroy 0b10 Robot/C 2680 | . 180 140 420 40 340 620 . 560 280 100 Destroy 0b10 Robot/NC 175 | . 15 25 60 15 . 50 . 10 . . Destroy Leader 536 | . 46 38 138 10 20 174 . 40 50 20 Allied During Kill 19 | . . . . . 2 . . 17 . . Successful Hack 202 | . 23 20 51 16 . 71 . 16 5 . Disable Machine 450 | . . 15 30 . . 285 . 30 90 . Anti-Garrison Action 950 | . . . . . 400 . . 550 . . Destroy Structure 432 | . 1 3 17 5 68 32 . 156 48 102 Partial Spotted 30 | . . 15 . . . . . . 15 . Lose Combat Pursuer 210 | . 15 15 30 . 15 15 . 30 90 . Influence Decreases 5102 | . 245 295 549 290 22 1172 471 420 1355 283 Entered New Map 1996 | . . 21 7 114 2 393 461 130 675 193 Time Decay 2286 | . 245 264 472 176 . 709 10 . 410 . Lost Part 740 | . . 10 70 . . 70 . 230 270 90 Lost Ally 80 | . . . . . 20 . . 60 . . Squads Dispatched 27 | . 1 . 4 2 . 14 . . 6 . Investigation 6 | . . . 2 . . 3 . . 1 . Extermination 9 | . . . . 2 . 6 . . 1 . Reinforcement 9 | . 1 . 1 . . 4 . . 3 . Assault 2 | . . . . . . 1 . . 1 . Garrison 1 | . . . 1 . . . . . . . Intercept . | . . . . . . . . . . . Searches Triggered . | . . . . . . . . . . . Construction Impeded 3 | . . . . . . 1 . . 2 . Haulers Reinforced . | . . . . . . . . . . . Active Scanning Responses . | . . . . . . . . . . . Cargo Convoy Interrupts 1 | . . . . . . 1 . . . . Stealth | -11 -10 -9 -8 -7 -7 -6 -5 -5 -4 -4 --------- Run | Yrd Mat Mat Mat Fac Gar Fac Fac Gar Fac Gar Distress Signals 6 | . 1 . 1 . . 1 . . 3 . Communications Jammed 1 | . . . . . . 1 . . . . Distress Signals 1 | . . . . . . 1 . . . . Times Spotted 200 | . 19 17 38 2 17 41 . 32 26 8 Peak Tracking Total 8 | . 5 5 8 1 5 6 . 7 6 4 Tactical Retreats 13 | . 1 1 2 . 1 1 . 2 5 . Traps | -11 -10 -9 -8 -7 -7 -6 -5 -5 -4 -4 ------- Run | Yrd Mat Mat Mat Fac Gar Fac Fac Gar Fac Gar Traps Triggered 6 | . 1 1 . . 1 . . 2 1 . Indirectly . | . . . . . . . . . . . Trap Hack Attempts 86 | . . . . 18 24 44 . . . . Triggered . | . . . . . . . . . . . Disarmed 1 | . . . . . 1 . . . . . Reprogrammed 7 | . . . . 1 2 4 . . . . Reused . | . . . . . . . . . . . Traps Extracted . | . . . . . . . . . . . Installed . | . . . . . . . . . . . Triggered . | . . . . . . . . . . . Machines | -11 -10 -9 -8 -7 -7 -6 -5 -5 -4 -4 ---------- Run | Yrd Mat Mat Mat Fac Gar Fac Fac Gar Fac Gar Machines Disabled 36 | . . 1 2 . 3 19 . 4 6 1 Max in Single Turn 8 | . . 1 1 . 1 8 . 1 2 1 Garrison Access 2 | . . . 1 . . . . . 1 . Garrison Relay 6 | . . . . . 3 . . 3 . . Machines Repaired . | . . . . . . . . . . . Machines Dismantled 2 | . . . 2 . . . . . . . Machines Sabotaged . | . . . . . . . . . . . Overloaded Fab Kills . | . . . . . . . . . . . Hacking | -11 -10 -9 -8 -7 -7 -6 -5 -5 -4 -4 --------- Run | Yrd Mat Mat Mat Fac Gar Fac Fac Gar Fac Gar Machines Accessed 46 | . 5 3 13 3 2 11 1 2 6 . Terminals 33 | . 5 2 10 . 2 8 . 2 4 . Fabricators . | . . . . . . . . . . . Repair Stations 1 | . . . . 1 . . . . . . Recycling Units 2 | . . 1 1 . . . . . . . Scanalyzers 5 | . . . 1 1 . 3 . . . . Garrison Access 5 | . . . 1 1 . . 1 . 2 . Total Hacks 136 | . 25 12 45 6 4 30 1 4 9 . Successful 65 | . 11 6 22 4 1 14 1 1 5 . Failed 70 | . 14 6 22 2 3 16 . 3 4 . Catastrophic 17 | . 4 1 6 . 2 2 . 2 . . Database Lockouts 1 | . . . 1 . . . . . . . Manual . | . . . . . . . . . . . Terminals 96 | . 25 8 30 . 4 18 . 4 7 . Fabricators . | . . . . . . . . . . . Repair Stations 3 | . . . . 3 . . . . . . Recycling Units 8 | . . 4 4 . . . . . . . Scanalyzers 21 | . . . 7 2 . 12 . . . . Garrison Access 8 | . . . 4 1 . . 1 . 2 . Terminal Hacks 41 | . 11 5 13 . 1 7 . 1 3 . Record 3 | . . . . . . 2 . . 1 . Robot Analysis 2 | . 1 . . . . 1 . . . . Prototype ID Bank 4 | . . 1 2 . . . . . 1 . Open DSF 4 | . . . . . . 3 . . 1 . Level Access Points 1 | . . 1 . . . . . . . . Branch Access Points 1 | . . 1 . . . . . . . . Emergency Access Points 3 | . . 1 1 . . 1 . . . . Terminal Index 1 | . 1 . . . . . . . . . Recycling Unit Index 1 | . . . 1 . . . . . . . Locate Traps 4 | . 2 . 2 . . . . . . . Dispatch Records 2 | . . . 2 . . . . . . . Patrol Status 2 | . 1 . 1 . . . . . . . Investigation Status 1 | . 1 . . . . . . . . . Hauler Manifests 5 | . 2 1 2 . . . . . . . Registered Components 2 | . 1 . 1 . . . . . . . Zone Layout 3 | . 2 . 1 . . . . . . . Garrison Registry 1 | . . . . . 1 . . . . . Security Stations 1 | . . . . . . . . 1 . . Fabricator Hacks . | . . . . . . . . . . . Repair Station Hacks 2 | . . . . 2 . . . . . . Scan Component 1 | . . . . 1 . . . . . . Repair 1 | . . . . 1 . . . . . . Recycling Unit Hacks 3 | . . 1 2 . . . . . . . Report Inventory 2 | . . 1 1 . . . . . . . Retrieve Components 1 | . . . 1 . . . . . . . Scanalyzer 14 | . . . 6 1 . 7 . . . . Insert Component 1 | . . . 1 . . . . . . . Analyze 1 | . . . 1 . . . . . . . Retrieve Study 12 | . . . 4 1 . 7 . . . . Garrison Access Hacks 5 | . . . 1 1 . . 1 . 2 . Unlock Access 3 | . . . . 1 . . 1 . 1 . Seal Access 2 | . . . 1 . . . . . 1 . Unauthorized Hacks . | . . . . . . . . . . . Terminals . | . . . . . . . . . . . Fabricators . | . . . . . . . . . . . Repair Stations . | . . . . . . . . . . . Recycling Units . | . . . . . . . . . . . Scanalyzers . | . . . . . . . . . . . Garrison Access . | . . . . . . . . . . . Data Cores Recovered . | . . . . . . . . . . . Used . | . . . . . . . . . . . Hacking Detections 39 | . 5 3 11 2 2 9 1 2 4 . Full Trace Events 8 | . . . 2 . 1 3 . 1 1 . Feedback Events . | . . . . . . . . . . . Feedback Blocked . | . . . . . . . . . . . Robot Schematics Acquired . | . . . . . . . . . . . Robots Built . | . . . . . . . . . . . Authchips . | . . . . . . . . . . . Time . | . . . . . . . . . . . Total Robot Build Rating . | . . . . . . . . . . . Part Schematics Acquired 1 | . . . 1 . . . . . . . Parts Built . | . . . . . . . . . . . Authchips . | . . . . . . . . . . . Time . | . . . . . . . . . . . Total Part Build Rating . | . . . . . . . . . . . Part Studies Acquired 12 | . . . 4 1 . 7 . . . . Parts Repaired 1 | . . . . 1 . . . . . . Time 32 | . . . . 32 . . . . . . Parts Recycled . | . . . . . . . . . . . Recycled Matter . | . . . . . . . . . . . Retrieved Matter . | . . . . . . . . . . . Retrieved Components 3 | . . . 3 . . . . . . . Parts Scanalyzed 1 | . . . 1 . . . . . . . Part Schematics Acquired 1 | . . . 1 . . . . . . . Parts Damaged . | . . . . . . . . . . . Bothacking | -11 -10 -9 -8 -7 -7 -6 -5 -5 -4 -4 ------------ Run | Yrd Mat Mat Mat Fac Gar Fac Fac Gar Fac Gar Used RIF Installer 3 | . . . . . 1 . . 2 . . Coupler Efficiency 1 | . . . . . . . . 1 . . Patrol Navigation 1 | . . . . . . . . 1 . . Robots Hacked 3 | . . . . . . . . 3 . . Non-combat . | . . . . . . . . . . . Combat 3 | . . . . . . . . 3 . . Robot Hacks Applied 4 | . . . . . . . . 4 . . parse_system 2 | . . . . . . . . 2 . . overwrite_iff 2 | . . . . . . . . 2 . . Relay Couplers Released 30 | . . . . . 15 . . 15 . . Machine Destruction 23 | . . . . . 11 . . 12 . . Programmers 7 | . . . . . 4 . . 3 . . Attached 2 | . . . . . . . . 2 . . Fabnet Peak Effective % . | . . . . . . . . . . . Robots Rewired 3 | . . . . . . . . 3 . . Allies Hacked . | . . . . . . . . . . . Hacks Repelled . | . . . . . . . . . . . Allies | -11 -10 -9 -8 -7 -7 -6 -5 -5 -4 -4 -------- Run | Yrd Mat Mat Mat Fac Gar Fac Fac Gar Fac Gar Total Allies 7 | . . . . . 2 . . 5 . . Largest Group 3 | . . . . . 2 . . 3 . . Highest-Rated Group 147 | . . . . . 124 . . 147 . . Highest-Rated Ally 62 | . . . . . 62 . . 49 . . Total Orders . | . . . . . . . . . . . Ally Attacks 30 | . . . . . 7 . . 23 . . Total Damage 876 | . . . . . 302 . . 574 . . Kills 4 | . . . . . 1 . . 3 . . Allies Corrupted . | . . . . . . . . . . . Allies Melted 1 | . . . . . . . . 1 . . Intel | -11 -10 -9 -8 -7 -7 -6 -5 -5 -4 -4 ------- Run | Yrd Mat Mat Mat Fac Gar Fac Fac Gar Fac Gar Active Infowar (turns) 4420 | . 642 799 1299 . . 626 18 991 45 . Sensors 45 | . . . . . . . . 1 44 . Terrain 2298 | . 642 799 838 . . . . 18 1 . Machine Analysis 461 | . . . 461 . . . . . . . Jamming 1635 | . . . . . . 626 18 991 . . Robot Analysis Total 2 | . 1 . . . . 1 . . . . Derelict Logs Recovered . | . . . . . . . . . . . Drone Launches . | . . . . . . . . . . . Drone Recoveries . | . . . . . . . . . . . Exploration | -11 -10 -9 -8 -7 -7 -6 -5 -5 -4 -4 ------------- Run | Yrd Mat Mat Mat Fac Gar Fac Fac Gar Fac Gar Turns Passed 13716 | 69 781 800 2747 776 1834 3168 23 2306 981 231 Spaces Moved 8243 | 45 443 488 1416 549 993 2221 16 1236 610 226 Core 58 | 15 . 1 . . . . . . 30 12 Treads 1872 | . . 115 927 . . . . 523 307 . Legs 5954 | 30 443 372 489 549 993 2221 16 713 53 75 Wheels . | . . . . . . . . . . . Hover 117 | . . . . . . . . . 117 . Flight 242 | . . . . . . . . . 103 139 Fastest Speed 37 | 50 120 120 120 120 120 108 108 105 37 37 Average Speed 123 | 128 123 129 148 120 120 113 108 130 114 60 Slowest Speed 320 | 200 190 250 240 120 120 120 108 240 320 117 Overloaded Moves . | . . . . . . . . . . . Propulsion Burnouts . | . . . . . . . . . . . Robots Hopped . | . . . . . . . . . . . Potential Cave-ins . | . . . . . . . . . . . Cave-ins Triggered . | . . . . . . . . . . . Exploration Rate (%) 34 | 3 57 36 80 9 56 42 1 62 9 24 Regions Visited 10 Branch Regions . Pre-discovered Areas . | . . . . . . . . . . . Known Exits Taken 4 | . . 1 . 1 . . 1 . 1 . Unknown Exits Taken 4 | 1 1 . 1 . . 1 . . . . Scrap Searched . | . . . . . . . . . . . Spaces Dug 65 | . . . . . . 3 . 62 . . Terrain Destroyed 209 | . . . 13 4 . 30 . 66 31 65 Melee 50 | . . . . . . 3 . 47 . . Projectile 74 | . . . 4 4 . 27 . 18 21 . AOE 84 | . . . 9 . . . . . 10 65 Terrain Rammed 1 | . . . . . . . . 1 . . Walls Destroyed 1 | . . . . . . . . 1 . . Machines Disabled . | . . . . . . . . . . . Actions | -11 -10 -9 -8 -7 -7 -6 -5 -5 -4 -4 --------- Run | Yrd Mat Mat Mat Fac Gar Fac Fac Gar Fac Gar Total 10400 | 53 618 609 1835 646 1345 2666 21 1569 744 294 Wait 779 | . 99 61 175 53 98 223 . 32 12 26 Move 8235 | 44 442 487 1415 548 992 2220 16 1235 610 226 Hop . | . . . . . . . . . . . Pick Up 93 | 3 12 7 24 4 7 13 . 16 7 . Fast Attach 75 | 5 1 6 11 2 1 2 . 22 18 7 Attach 44 | 1 . . 7 2 . 8 3 10 10 3 Detach 19 | . . . 3 . . 1 1 5 6 3 Swap 164 | . 15 6 39 4 18 35 1 37 8 1 Drop 153 | . 15 14 35 4 17 27 . 28 13 . Fire 459 | . 34 28 107 7 32 73 . 96 60 22 Melee 268 | . . . 3 4 156 20 . 85 . . Ram 7 | . . . . . . . . 1 . 6 Kick . | . . . . . . . . . . . Crush 1 | . . . 1 . . . . . . . Escape Stasis 2 | . . . . . . . . 2 . . Rewire . | . . . . . . . . . . . Trap 86 | . . . . 18 24 44 . . . . Miscellaneous 15 | . . . 15 . . . . . . . Route ------- -11/Scrapyard -10/Materials (discovered 2 exits: *Mat / [*Min]) -9/Materials (discovered 6 exits: *Mat x3 / Min x2 / Sto) -8/Materials (discovered 2 exits: *Fac x2) -7/Factory -7/Garrison (discovered 3 exits: *Fac x3) -6/Factory -5/Factory -5/Garrison (discovered 2 exits: *Fac x2) -4/Factory -4/Garrison History --------- Turn | Location | Event 26 | -11/Scrapyard | Discovered new exit (range 15) 70 | -11/Scrapyard | Entered Materials 313 | -10/Materials | Build established: Mutant 502 | -10/Materials | Core integrity fell below 50% 539 | -10/Materials | Discovered new exit (range 15) 798 | -10/Materials | Discovered new exit (range 14) 851 | -10/Materials | Entered another Materials area 851 | -9/Materials | Evolved 2 slots: Propulsion x2 1017 | -9/Materials | Identified exit to Mines 1017 | -9/Materials | Identified exit to Storage 1482 | -9/Materials | Discovered new exit (range 14) 1540 | -9/Materials | Identified exit to Materials 1651 | -9/Materials | Entered another Materials area 1651 | -8/Materials | Evolved 2 slots: Utility x2 1979 | -8/Materials | Garrison activated, responded to threat 2610 | -8/Materials | Central database locked down 2918 | -8/Materials | Discovered new exit (range 13) 3310 | -8/Materials | Build established: Scavenger-Mutant 3454 | -8/Materials | Lost 5 parts (2n3u) 3934 | -8/Materials | Discovered new exit (range 15) 4398 | -8/Materials | Entered Factory 4398 | -7/Factory | Evolved 2 slots: Power x1, Weapon x1 4494 | -7/Factory | Repaired Shield Generator 4553 | -7/Factory | Build established: Mutant 5167 | -7/Factory | Identified exit to Garrison 5174 | -7/Factory | Entered Garrison 5294 | -7/Garrison | Triggered checkpoint 5381 | -7/Garrison | Garrison Relay disabled 5724 | -7/Garrison | Triggered checkpoint 5808 | -7/Garrison | Destroyed 8 combat bots 5907 | -7/Garrison | Discovered new exit (range 12) 5920 | -7/Garrison | Triggered checkpoint 5979 | -7/Garrison | Found embedded Infiltrators 6013 | -7/Garrison | Garrison Relay disabled 6097 | -7/Garrison | Build established: Scavenger-Mutant 6543 | -7/Garrison | Discovered new exit (range 10) 6563 | -7/Garrison | Discovered new exit (range 8) 6563 | -7/Garrison | Discovered new exit (range 39) 6563 | -7/Garrison | Discovered new exit (range 69) 6610 | -7/Garrison | Triggered checkpoint 6719 | -7/Garrison | Garrison Relay disabled 6794 | -7/Garrison | Triggered checkpoint 6910 | -7/Garrison | Installed Relay Interface Framework 7008 | -7/Garrison | Entered Factory 7008 | -6/Factory | Evolved 2 slots: Utility x1, Weapon x1 7126 | -6/Factory | Discovered new exit (range 9) 7308 | -6/Factory | Build established: Scavenger-Gunner 7891 | -6/Factory | Lost 3 parts (1p2u) 8466 | -6/Factory | Cargo convoy interrupted 9796 | -6/Factory | Spotted B-75 Beast 10158 | -6/Factory | First assault squad dispatched 10176 | -6/Factory | Entered another Factory area 10176 | -5/Factory | Evolved 2 slots: Propulsion x1, Utility x1 10199 | -5/Factory | Identified exit to Garrison 10199 | -5/Factory | Entered Garrison 10345 | -5/Garrison | Triggered checkpoint 10376 | -5/Garrison | Lost 3 parts (1p1n1w) 10390 | -5/Garrison | Garrison Relay disabled 10653 | -5/Garrison | Build established: Scavenger-Mutant 10712 | -5/Garrison | Spotted B-75 Beast 10829 | -5/Garrison | Triggered checkpoint 10955 | -5/Garrison | Triggered checkpoint 10955 | -5/Garrison | Garrison Relay disabled 11153 | -5/Garrison | Triggered checkpoint 11207 | -5/Garrison | Lost 3 allies 11214 | -5/Garrison | Expanded RIF knowledge: Patrol Navigation 11357 | -5/Garrison | Lost 6 parts (1p1n3u1w) 11398 | -5/Garrison | Destroyed B-75 Beast 11613 | -5/Garrison | Build established: Scavenger-Gunner 11691 | -5/Garrison | Triggered checkpoint 11737 | -5/Garrison | Core integrity fell below 50% 11811 | -5/Garrison | Lost 3 parts (1p2w) 11863 | -5/Garrison | Triggered checkpoint 11900 | -5/Garrison | Garrison Relay disabled 11963 | -5/Garrison | Discovered new exit (range 9) 12170 | -5/Garrison | Triggered checkpoint 12254 | -5/Garrison | Triggered checkpoint 12379 | -5/Garrison | Learned Factory security intel 12404 | -5/Garrison | Expanded RIF knowledge: Coupler Efficiency 12440 | -5/Garrison | Discovered new exit (range 11) 12505 | -5/Garrison | Entered Factory 12505 | -4/Factory | Evolved 2 slots: Propulsion x1, Utility x1 12509 | -4/Factory | Identified exit to DSF 13005 | -4/Factory | First assault squad dispatched 13113 | -4/Factory | Lost 4 parts (1p2n1u) 13161 | -4/Factory | Lost 4 parts (1p1n1u1w) 13234 | -4/Factory | Lost 6 parts (1p1n2u2w) 13347 | -4/Factory | Released all parts (6) 13377 | -4/Factory | Lost 9 parts (2n1u6w) 13486 | -4/Factory | Identified exit to Garrison 13486 | -4/Factory | Entered Garrison 13539 | -4/Garrison | Spotted B-86 Titan 13544 | -4/Garrison | Core integrity fell below 50% 13594 | -4/Garrison | Lost 5 parts (1p2n1u1w) 13710 | -4/Garrison | Core integrity fell below 20% 13717 | -4/Garrison | Destroyed by P-70 Sage with Tesla Rifle Last Messages --------------- 13695_ P-70 Sage suffers critical hit (Burn). 13695_ Hpw. Shock Rifle melted. 13695_ Antigrav System melted. 13695_ P-70 Sage destroyed. 13701_ Field Laser destroyed. 13701_ Penetrated by Slug. 13707_ Adv. Heat Sink destroyed. 13707_ Penetrated by Slug. 13709_ Slammed into Y-64 Sentinel. 13710_ Penetrated by Slug. 13710_ Slammed into Y-64 Sentinel. 13712_ P-70 Sage resets Y-64 Sentinel, system corruption cleaned. 13712_ Slammed into Y-64 Sentinel. 13712_ Penetrated by Slug. 13713_ Slug penetrates Y-64 Sentinel. 13713_ Slammed into Y-64 Sentinel. 13715_ Slug penetrates Wall. 13716_ Penetrated by Slug. 13716_ Acquired Mic. Fission Core. Map ----- +----------------------------------------------------+ | ??????????????????????? ?????????????????????????? | | ??????????????????????? ?????????????????????????? | | ??????????????????????? ?????????????????????????? | | ??????????????????????? ?????????????????????????? | | ??????????????????????? ?????????????????????????? | | ??????????????????????# #????????????????????????? | | ??????????????????????# #????????????????????????? | | ??????????????????????# #????????????????????????? | | ??????????????????????# ????????????????????????? | | ??????????????????????# #????????????????????????? | | ??????????????????????# #?????????######?????????? | | ??????????????????????" #?????????# #?????????? | | ??????????????????????" #?????????# #?????????? | | ??????????????????????" #?????????# #?????????? | | ??????????????????????# #?????????# ###?????????? | | ??????????????????????# #?????????# #???????????? | | ??????????????????????# #?????????# #???????????? | | ??????????????????????# #####?????# #???????????? | | ??????????????????????# #?????# #???????????? | | ??????????????????????##### #?????# #???????????? | | ??????????????????????# #?# #?????# #???????????? | | ??????????????????????# #?# #?????# #???????????? | | ??????????????????????# ### ##????# #???????????? | | ??????????????######### Y###### #???????????? | | ??????????????# #???????????? | | ??????????????# %@ pY #???????????? | | ??????????????# ####### ##########???????????? | | ??????????????# #?#### # # #########??????????? | | ??????????????# # ## #""""""""""?????????? | | ??????????????# #??## # # "!!!!!!"""?????????? | | ??????????????# #???# ""#????????? | | ??????????????# #???# # # !"#????????? | | ??????###""""## ##??# !"#????????? | | ???# #### !"#????????? | | ?? !"#????????? | | ?? ""#????????? | | ??## ## ## #### # ### !!!!!"""#????????? | | ???# ???# ?# #??#### """"""""""?????????? | | ??????? ? "??# ###########??????????? | | ????? "??##########??????????????????? | | ???? "??????????????????????????????? | | ???" "??????????????????????????????? | | ???? ## ## #??????????????????????????????? | | ???? ?# ?# #??????????????????????????????? | | ???????? ?? ??????????????????????????????? | | ??????? ?? ??????????????????????????????? | | ????????? ?? #??????????????????????????????? | | ?????????????## #???????????????????????????????? | | ??????????????# ????????????????????????????????? | | ?????????????????????????????????????????????????? | +----------------------------------------------------+ Best States ------------- Heat Dissipation 86 Energy Generation 33 Energy Capacity 850 Matter Stores 480 Matter Capacity 550 Sight Range 16 Robot Scan Range 15 Terrain Scan Range 16 Terrain Scan Density 110 Jamming Range 12 Additional Mass Support 9 Armor Coverage 225 Core Shielding 30 Phase Shifting 10 Evasion (%) 62 Targeting Accuracy 14 Melee Accuracy 6 Target Analysis 6 Core Analysis 6 Recoil Reduction 5 Matter Filtering 30 Relay Coupler Types 1 Relay Coupler Value 35 Item Schematics ----------------- Terrain Scanner | -8/Materials | Scanalyzed Robot Schematics ------------------ None Fabricated ------------ Nothing Repaired ---------- Shield Generator | 70% | -7/Factory Studied --------- Missile Launcher | -8/Materials | Hacked Imp. Light Cannon | -8/Materials | Hacked Autogun | -8/Materials | Hacked Imp. Ion Engine | -8/Materials | Hacked Gauss Cannon | -7/Factory | Hacked Flexi-carbon Leg | -6/Factory | Hacked Flak Gun | -6/Factory | Hacked Falx | -6/Factory | Hacked Imp. Carbon-fiber Leg | -6/Factory | Hacked Imp. Datajack | -6/Factory | Hacked Gauss Rifle | -6/Factory | Hacked Carbon-fiber Leg | -6/Factory | Hacked Alien Tech Used ----------------- None Achievements -------------- Construction Begets Destruction I Laugh At Your Crits Let Me Out Of Here Mindtrick Part-time Excavator Challenges ------------ None Game ------ Seed ChromaticShieldArchive Manual? 0 Play Time 04:10:18 Cumulative 44.4 hours Start 2025.11.10 @ 17:00:39 End 2025.11.10 @ 21:54:32 Sessions 1 Manual Loads 0 Difficulty Rogue Special Mode None Game No. 29 Rogue 29 Adventurer 0 Explorer 0 Win Type - Total 0 Types 0/0/0/0/0/0/0/0/0/0 Lore% 15 Gallery% 23 Achievement% 17 Wizard Run 0 Options --------- Layout 2 ASCII 1 Keyboard 1 Movement Vi Keybinds 0 Fullscreen 2 Font 32/Terminus Map View 50x44 Zoom Use 0% Tactical HUD 1 Map Filters NONE Filters NONE Steam 1 RUN: b135aafb-f96f-4e82-a01e-fa4fcb418466